 Dungeon Crawl Stone Soup version 0.31-a0-986-g5e6e4ef867 (webtiles) character file.

Game seed: 14337455206934731193

14565 strifetoe the Cleaver (level 12, -5/168 HPs)
             Began as a Hill Orc Monk on Nov 24, 2023.
             Was a Believer of Ashenzari.
             Slain by a skeletal warrior
             ... wielding a +0 long sword
              (19 damage)
             ... on level 11 of the Dungeon.
             The game lasted 00:21:28 (11941 turns).

strifetoe the Cleaver (Hill Orc Monk)              Turns: 11941, Time: 00:21:29

Health: -5/168     AC: 30    Str: 19    XL:     12   Next: 17%
Magic:  23/23      EV:  2    Int: 10    God:    Ashenzari [**....]
Gold:   807        SH:  0    Dex: 13    Spells: 24/26 levels left

rFire   . . .        D - +4 war axe of the Cursed Ether {drain, Cun, Melee} (curse)
rCold   . . .        d - orb {light}
rNeg    . . .        c - melded +0 chain mail
rPois   +            v - melded +2 hat
rElec   +            (cloak currently unavailable)
rCorr   .            x - melded +1 pair of gloves of the Visionary Dismay {Stlth+, Melee, Self} (curse)
SInv    +            (boots currently unavailable)
Will    .....        j - amulet of magic regeneration
Stlth   +            q - +4 ring of protection
HPRegen 0.48/turn    B - ring "Per Aspera Ad Scientiam" {Wiz rElec, Self, Melee} (curse)
MPRegen 0.58/turn

%: wizardry (x1)
@: tree-form, glowing
A: stationary, stasis, torment immunity, boosted hp
a: Renounce Religion, Shatter the Chains


You were on level 11 of the Dungeon.
You worshipped Ashenzari.
Ashenzari was pleased with you.
You were a tree.
You visited 1 branch of the dungeon, and saw 11 of its levels.
You also visited: Ossuary.

You collected 957 gold pieces.
You spent 150 gold pieces at shops.

Inventory:

Hand Weapons
 a - a +1 hand axe
 D - the cursed +4 war axe of the Cursed Ether (weapon) {drain, Cun, Melee}
   (You took it off an orc warrior on level 9 of the Dungeon)

   It has a curse which improves the following skills: Cunning: Dodging and
   Stealth.
   Melee Combat: Short Blades, Long Blades, Axes, Maces & Flails, Polearms,
   Staves and Unarmed Combat.
Armour
 b - a +0 robe
 c - a +0 chain mail (melded)
 d - an orb of light (worn)
 i - a +1 pair of gloves
 v - a +2 hat (melded)
 x - the cursed +1 pair of gloves of the Visionary Dismay (melded) {Stlth+, Melee, Self}
   (You bought it in a shop on level 6 of the Dungeon)

   It has a curse which improves the following skills: Melee Combat: Short
   Blades, Long Blades, Axes, Maces & Flails, Polearms, Staves and Unarmed
   Combat.
   Introspection: Fighting and Spellcasting.
 G - a +0 helmet
Jewellery
 h - a +6 ring of intelligence
 j - an amulet of magic regeneration (around neck)
 n - a +4 ring of protection
 o - a ring of willpower
 q - a +4 ring of protection (left branch)
 B - the cursed ring "Per Aspera Ad Scientiam" (right branch) {Wiz rElec, Self, Melee}
   (You acquired it on level 7 of the Dungeon)

   [ring of wizardry]

   Wiz:       It improves your spell success rate.
   rElec:     It insulates you from electricity.
   It has a curse which improves the following skills: Introspection: Fighting
   and Spellcasting.
   Melee Combat: Short Blades, Long Blades, Axes, Maces & Flails, Polearms,
   Staves and Unarmed Combat.
 C - a ring of resist corrosion
Wands
 f - a wand of mindburst (7)
 F - a wand of roots (5)
Scrolls
 e - 2 scrolls of fog
 g - 5 scrolls of teleportation
 k - 3 scrolls of blinking
 l - 3 scrolls of revelation
 y - a scroll of amnesia
 E - a scroll of enchant armour
 H - a scroll of enchant weapon
Potions
 m - 3 potions of magic
 p - 2 potions of attraction
 r - a potion of enlightenment
 s - a potion of invisibility
 t - a potion of lignification
 u - a potion of mutation
 w - a potion of resistance
 A - 2 potions of brilliance
 I - 2 potions of cancellation


   Skills:
 + Level 10.8(11.9) Fighting
 - Level 14.7(16.3) Axes
 + Level 9.1 Armour
 - Level 2.4(3.3) Dodging
 + Level 6.7(7.9) Spellcasting
 - Level 6.0 Summonings


You had 24 spell levels left.
You knew the following spells:

 Your Spells              Type           Power      Damage    Failure   Level
a - Necrotise             Necr           12%        1d4       7%          1
b - Summon Small Mammal   Summ           64%        N/A       1%          1

Your spell library contained the following spells:

 Spells                   Type           Power      Damage    Failure   Level
 Apportation              Tloc           6%         N/A       7%          1
 Foxfire                  Conj/Fire      12%        2x1d4     7%          1
 Freeze                   Ice            12%        1d3       7%          1
 Sting                    Tmut/Pois      12%        1d3       7%          1
 Poisonous Vapours        Pois/Air       6%         N/A       11%         2
 Wereblood                Tmut           3%         N/A       11%         2
 Summon Ice Beast         Ice/Summ       10%        N/A       19%         4
 Frozen Ramparts          Ice            6%         1d1       21%         3
 Hailstorm                Conj/Ice       3%         3d3       21%         3
 Tukima's Dance           Hex            3%         N/A       21%         3
 Dimensional Bullseye     Hex/Tloc       1%         N/A       52%         4
 Iskenderun's Mystic Bla  Conj/Tloc      3%         2d3       52%         4
 Olgreb's Toxic Radiance  Pois           3%         N/A       52%         4
 Irradiate                Conj/Tmut      1%         3d12      86%         5
 Plasma Beam              Fire/Air       1%         2x1d11    100%        6
 Simulacrum               Ice/Necr       1%         N/A       100%        6
 Starburst                Conj/Fire      1%         6d3       100%        6


Dungeon Overview and Level Annotations

Branches:
Dungeon (11/15)            Temple (0/1) D:4            Lair (0/5) D:8
Ossuary (visited)
    Orc: D:9-12

Altars:
Ashenzari
Zin
Beogh

Shops:
D:6 [   D:10 ?

Annotations:
D:7 2 transporters


Message History

You feel better.
The skeletal warrior hits you with a +0 short sword!
* * * LOW HITPOINT WARNING * * *
Unknown command.
You feel better.
The skeletal warrior hits you but does no damage.
Okay, then.
Okay, then.
Okay, then.
You barely miss the skeletal warrior.
The skeletal warrior is severely damaged.
The skeletal warrior hits you but does no damage.
You slash the skeletal warrior!
The skeletal warrior is almost destroyed.
The skeletal warrior barely misses you.
You hit the skeletal warrior.
The skeletal warrior is almost destroyed.
The skeletal warrior barely misses you.
You hit the skeletal warrior but do no damage.
The skeletal warrior is almost destroyed.
You hit the skeletal warrior.
The skeletal warrior is almost destroyed.
The skeletal warrior hits you with a +0 short sword.
* * * LOW HITPOINT WARNING * * *
You hit the skeletal warrior.
You destroy the skeletal warrior!
You hit the skeletal warrior.
The skeletal warrior is lightly damaged.
You slash the skeletal warrior!
The skeletal warrior is moderately damaged.
The skeletal warrior hits you but does no damage.
You slash the skeletal warrior!
The skeletal warrior is heavily damaged.
The skeletal warrior hits you but does no damage.
You hit the skeletal warrior but do no damage.
The skeletal warrior is heavily damaged.
You hit the skeletal warrior but do no damage.
The skeletal warrior is heavily damaged.
The skeletal warrior hits you with a +0 long sword!!
You die...

.....#
#.......#
.....#
#.......#
.....+
#.......#
.....#
+.......#
.....#
#.......#
.....#
#.......#
.....#
######'##
+##### #.#
#♣# #z#
#Y# #.#
,... .....
....$..
........#
.).......#


You could see a skeletal warrior and a yak.

Vanquished Creatures
  A boulder beetle (D:11)
  A two-headed ogre (D:9)
  3 skeletal warriors (D:11)
  Lodul (D:10)
  Pikel (D:7)
  2 unseen horrors (D:11)
  A gargoyle (D:10)
  4 trolls
  The ghost of avis the Chiller, a novice FeIE (D:5)
  A hornet (D:8)
  Grinder (D:6)
  3 slime creatures (D:10)
  A shadow (D:10)
  12 yaks
  2 steam dragons (D:9)
  2 acid dragons
  8 water moccasins
  4 orc warriors
  3 black bears (D:8)
  4 ice beasts
  10 ogres
  A centaur (D:8)
  A lemure (D:7)
  3 phantoms
  An elf zombie (Ossuary)
  2 kobold brigands
  2 bullfrogs
  3 scorpions
  3 wights (D:9)
  19 killer bees
  7 howler monkeys
  An electric eel (D:8)
  A hound (D:4)
  A human zombie (Ossuary)
  2 jellies
  5 orc priests
  A sleepcap (D:8)
  Terence (D:3)
  2 iguanas
  10 orc wizards
  4 mummies (Ossuary)
  3 gnolls (D:5)
  3 adders
  A white imp (D:8)
  2 ufetubi (D:8)
  3 adder zombies (Ossuary)
  6 worms
  6 dart slugs
  49 orcs
  12 ball pythons
  3 bats
  8 endoplasms
  3 giant cockroaches (D:2)
  6 goblins
  7 hobgoblins
  4 jackals (D:1)
  6 quokkas
  3 frilled lizards
  2 goblin zombies (Ossuary)
  A hobgoblin zombie (Ossuary)
  10 kobolds
  2 kobold zombies (Ossuary)
  An orc zombie (Ossuary)
  7 rats
  A rat zombie (Ossuary)
285 creatures vanquished.

Notes
Turn   | Place    | Note
-------+----------+-------------------------------------------
     0 | D:1      | strifetoe the Hill Orc Monk began the quest for the Orb.
     0 | D:1      | Reached XP level 1. HP: 19/19 MP: 1/1
   108 | D:1      | Reached XP level 2. HP: 26/26 MP: 2/2
   119 | D:1      | Reached skill level 5 in Axes
   254 | D:1      | Reached XP level 3. HP: 26/31 MP: 3/3
   496 | D:2      | Found a faded altar of an unknown god.
   556 | D:2      | Found a broken altar of Ashenzari.
   618 | D:2      | Reached skill level 6 in Axes
   811 | D:2      | Reached XP level 4. HP: 39/39 MP: 4/4
   941 | D:2      | You fall into a shaft and drop 1 floor!
  1657 | D:3      | Reached skill level 7 in Axes
  1736 | D:3      | Noticed Terence
  1750 | D:3      | Killed Terence
  1751 | D:3      | Reached XP level 5. HP: 26/45 MP: 5/5
  2389 | D:4      | Noticed a phantom
  2405 | D:4      | Killed a phantom
  2406 | D:4      | Reached skill level 8 in Axes
  2502 | D:4      | Noticed a phantom
  2517 | D:4      | Killed a phantom
  2518 | D:4      | Reached skill level 9 in Axes
  2518 | D:4      | Reached XP level 6. HP: 41/51 MP: 6/6
  2555 | D:2      | Became a worshipper of Ashenzari the Shackled
  2662 | D:4      | Found a staircase to the Ecumenical Temple.
  2909 | D:4      | Reached skill level 10 in Axes
  2909 | D:4      | Reached XP level 7. HP: 57/57 MP: 7/7
  2938 | D:4      | Found a glowing silver altar of Zin.
  3252 | D:5      | Entered Level 5 of the Dungeon
  3301 | D:5      | Reached skill level 1 in Armour
  3799 | D:5      | Reached skill level 5 in Fighting
  3799 | D:5      | Reached skill level 11 in Axes
  3799 | D:5      | Reached XP level 8. HP: 41/69 MP: 8/8
  4222 | D:5      | Found a runed translucent gate.
  4222 | D:5      | Noticed avis's ghost (novice FeIE)
  4223 | D:5      | Found a runed translucent gate.
  4223 | D:5      | Identified the +0 plate armour of Hiosakoe {rPois rC- Will+
                  | Int+3}
  4224 | D:5      | Found a runed translucent gate.
  4405 | D:5      | Found a roughly hewn altar of Beogh.
  4465 | D:6      | Noticed Grinder
  4481 | D:6      | Paralysed by Grinder for 3 turns
  4501 | D:6      | Killed Grinder
  4647 | D:6      | Found Akhix's Antique Armour Shop.
  4661 | D:6      | Bought a pair of embroidered gloves for 150 gold pieces
  5124 | D:6      | Reached skill level 12 in Axes
  5130 | D:6      | Reached skill level 5 in Armour
  5130 | D:6      | Reached XP level 9. HP: 79/79 MP: 9/9
  5336 | D:7      | Found a transporter.
  5729 | D:7      | Found a sand-covered staircase.
  5734 | Ossuary  | Entered an ossuary
  5992 | D:7      | Identified a scroll of acquirement
  5992 | D:7      | Acquired the ring "Zysuis" {Wiz rElec}
  6059 | D:7      | Noticed Pikel
  6081 | D:7      | Killed Pikel
  6092 | D:7      | Learned a level 1 spell: Necrotise
  6353 | D:7      | Reached skill level 13 in Axes
  6497 | D:7      | Found a transporter.
  6820 | D:7      | Learned a level 1 spell: Summon Small Mammal
  6845 | D:8      | Reached skill level 1 in Summonings
  6907 | D:8      | Reached skill level 1 in Spellcasting
  7059 | D:8      | Reached XP level 10. HP: 75/90 MP: 13/13
  7202 | D:8      | Found a staircase to the Lair.
  7527 | D:8      | Reached * piety under Ashenzari
  7538 | D:8      | Reached skill level 5 in Summonings
  7712 | D:8      | Identified the +1 leather armour of Jomitozi {Stlth+}
  7849 | D:8      | Found a broken altar of Ashenzari.
  8541 | D:9      | Noticed a two-headed ogre
  8554 | D:9      | Killed a two-headed ogre
  8781 | D:9      | Reached skill level 5 in Spellcasting
  8946 | D:9      | Reached XP level 11. HP: 34/97 MP: 20/20
  8951 | D:9      | HP: 3/97 [troll (11)]
  8951 | D:9      | HP: 1/97 [troll (2)]
  8963 | D:9      | Reached skill level 14 in Axes
  9580 | D:5      | Killed avis's ghost
 10329 | D:10     | Entered Level 10 of the Dungeon
 10370 | D:10     | HP: 3/97 [gargoyle/stone arrow (16)]
 10411 | D:10     | Noticed Lodul
 10922 | D:10     | Killed Lodul
 11494 | D:10     | Found Icwa's Magic Scroll Emporium.
 11681 | D:11     | Reached ** piety under Ashenzari
 11736 | D:11     | Noticed a boulder beetle
 11746 | D:11     | Killed a boulder beetle
 11747 | D:11     | Reached skill level 10 in Fighting
 11870 | D:11     | Noticed a skeletal warrior
 11874 | D:11     | Reached XP level 12. HP: 108/112 MP: 24/24
 11941 | D:11     | Slain by a skeletal warrior

Illustrated notes

Levels and vault maps discovered:
D:1:      wander_arrival_desolate, layout_rooms,
          hangedman_abyss_or_decor_lesser_grid
D:2:      layout_basic, basic_altar, nicolae_ecumenical_oubliette
D:3:      layout_rooms, uniq_terence
D:4:      layout_loops_ring, mainiacjoe_overflow_paths,
          minmay_temple_entry_statues_pillars
D:5:      layout_cave_pools, biasface_ghost_orc_armoury, serial_rivers,
          chequers_serial_rivers_room_b, chequers_serial_rivers_micro_e,
          chequers_serial_rivers_micro_a, chequers_serial_rivers_micro_b,
          kennysheep_dice
D:6:      layout_rooms, serial_shops, nicolae_shop_waterfront,
          kennysheep_path_1, uniq_grinder
D:7:      gammafunk_steamed_eel, layout_basic,
          nicolae_ossuary_entry_false_entrances, uniq_pikel
D:8:      layout_loops_ring, kennysheep_little_box, due_lair_maze_entry_diamond,
          serial_ice, serial_ice_d, serial_ice_e, serial_ice_l, serial_ice_f
D:9:      layout_small_grid, nicolae_figureground_sparkle
D:10:     layout_basic, serial_shops, nicolae_shop_rolled_up, uniq_lodul
D:11:     layout_roguey

Skill      XL: |  1  2  3  4  5  6  7  8  9 10 11 12 |
---------------+-------------------------------------+-----
Axes           | 5 6 7 9 10 11 12 13 14 | 14.7
Armour         | 2 5 6 8 9 |  9.1
Fighting       | 5 6 8 10 | 10.8
Summonings     | 2 6 |  6.0
Spellcasting   | 2 5 6 |  6.7
Dodging        | |  2.4

Action                     |  1- 3 |  4- 6 |  7- 9 | 10-12 || total
---------------------------+-------+-------+-------+-------++-------
  Melee: Hand axe          |   104 |   187 |   371 |   279 ||   941
         War axe           |       |       |       |   217 ||   217
 Invoke: Curse Item        |       |       |     1 |     3 ||     4
         Shatter the Chain |       |       |       |     1 ||     1
  Evoke: Wand              |       |       |       |     1 ||     1
    Use: Potion            |     1 |     3 |     2 |     8 ||    14
         Scroll            |       |     9 |     6 |     7 ||    22
 Armour: Robe              |    17 |       |       |       ||    17
         Chain mail        |    48 |   115 |   219 |   329 ||   711
         Skin              |       |       |       |    28 ||    28
  Dodge: Dodged            |    43 |    57 |   137 |   163 ||   400

Table legend: (Time is in decaauts)
 A = Elapsed time spent in this place.
 B = Non-inter-level travel time spent in this place.
 C = Inter-level travel time spent in this place.
 D = Time resting spent in this place.
 E = Time spent auto-exploring this place.
 F = Levels seen in this place.
 G = Mean time per level.
                   A        B        C        D        E       F      G
               +--------+--------+--------+--------+--------+-----+--------+
         Total |  11678 |  11118 |    560 |   2525 |   6728 |  12 |  973.2 |
       Dungeon |  11439 |  10879 |    560 |   2525 |   6568 |  11 | 1039.9 |
       Ossuary |    239 |    239 |      0 |      0 |    160 |   1 |  239.0 |
               +--------+--------+--------+--------+--------+-----+--------+

Top non-repeatable levels by time:
     D:9: 1907 daAuts
     D:5: 1820 daAuts
     D:8: 1264 daAuts
     D:7: 1246 daAuts
     D:2: 1060 daAuts
     D:4: 881 daAuts
     D:6: 871 daAuts
    D:10: 784 daAuts
     D:3: 760 daAuts
     D:1: 537 daAuts
    D:11: 304 daAuts
 Ossuary: 239 daAuts
